 Dungeon Crawl Stone Soup version 0.26.1-11-gd32895ea62 (webtiles) character file.

Game seed: 11394016226762115836

9172 Juanitou the Covert (level 11, -4/47 HPs)
             Began as a Felid Delver on Apr 20, 2021.
             Was an Elder of Dithmenos.
             Shot with a bolt by an orc warrior (21 damage)
             ... in a bailey on Apr 28, 2021.
             The game lasted 05:47:58 (20338 turns).

Juanitou the Covert (Felid Delver)                 Turns: 20338, Time: 05:47:58

Health: -4/47      AC:  7    Str: 10    XL:     11   Next: 19%
Magic:  10/19      EV: 26    Int: 14    God:    Dithmenos [****..]
Gold:   647        SH:  0    Dex: 18    Spells: 8/19 levels left
                                        Lives:  0   Deaths: 3

rFire    + . .     SeeInvis +     - Unarmed
rCold    + . .     Faith    +   (shield unavailable)
rNeg     . . .     Spirit   .   (armour unavailable)
rPois    .         Reflect  .   (helmet unavailable)
rElec    .         Harm     .   (cloak unavailable)
rCorr    .         Rampage  .   (gloves unavailable)
Will     +....                  (boots unavailable)
Stlth    +++++++++.             u - amulet of faith
HPRegen  0.15/turn              x - +4 ring of protection
MPRegen  0.16/turn              m - ring of protection from fire

@: confusing touch, wreathed by umbra, quick
A: very small, no armour, no weapons or thrown items, stealth, claws 1, fangs 3,
see invisible, speed 1, shaggy fur 3, sharp paws
a: Renounce Religion, Shadow Step


You were in a bailey.
You worshipped Dithmenos.
Dithmenos was greatly pleased with you.
You visited 2 branches of the dungeon, and saw 13 of its levels.
You also visited: Ossuary and Bailey.

You collected 647 gold pieces.

Inventory:

Jewellery
 d - an uncursed ring of flight
 m - a ring of protection from fire (right paw)
 u - an amulet of faith (around neck)
 x - a +4 ring of protection (left paw)
 G - an uncursed amulet of the acrobat
Wands
 e - a wand of digging (3)
 o - a wand of enslavement (3)
 q - a wand of disintegration (15)
 s - a wand of paralysis (9)
 t - a wand of acid (3)
 E - a wand of polymorph (10)
 H - a wand of iceblast (7)
Scrolls
 a - a scroll of fog
 c - 4 scrolls of teleportation
 f - 2 scrolls of magic mapping
 g - 6 scrolls of amnesia
 i - 2 scrolls of noise
 k - 12 scrolls of remove curse
 n - a scroll of blinking
 p - a scroll of summoning {unknown}
 v - a scroll of torment {unknown}
 y - a scroll of silence {unknown}
 C - a scroll of immolation
 D - 2 scrolls of vulnerability {unknown}
 I - a scroll of enchant armour {unknown}
 J - a scroll of brand weapon {unknown}
Potions
 b - a potion of ambrosia
 j - 3 potions of mutation
 l - 4 potions of curing
 r - 5 potions of lignification
 w - a potion of might
 z - 3 potions of haste
 A - a potion of cancellation
 B - a potion of attraction
 F - a potion of magic
 K - a potion of flight


   Skills:
 + Level 5.0 Fighting
 + Level 9.7 Dodging
 - Level 14.0 Stealth
 + Level 13.0 Unarmed Combat
 + Level 4.9 Spellcasting
 + Level 8.0 Hexes
 + Level 6.5 Translocations
 + Level 1.4 Invocations
 + Level 2.6 Evocations


You had 8 spell levels left.
You knew the following spells:

 Your Spells              Type           Power        Failure   Level
a - Confusing Touch       Hex            26%          1%          3
b - Gell's Gravitas       Tloc           10%          3%          3
c - Yara's Violent Unrav  Hex/Tmut       7%           67%         5

Your spell library contained the following spells:

 Spells                   Type           Power        Failure   Level
 Animate Skeleton         Necr           6%           19%         1
 Pain                     Necr           12%          19%         1
 Shock                    Conj/Air       12%          19%         1
 Swiftness                Air            3%           26%         2
 Static Discharge         Conj/Air       3%           47%         3
 Vampiric Draining        Necr           1%           47%         3
 Metabolic Englaciation   Hex/Ice        7%           67%         5
 Airstrike                Air            1%           87%         4
 Animate Dead             Necr           1%           87%         4
 Petrify                  Tmut/Erth      3%           87%         4
 Agony                    Necr           3%           99%         5
 Lightning Bolt           Conj/Air       1%           99%         5


Dungeon Overview and Level Annotations

Branches:
Dungeon (12/15)            Temple (1/1) D:4            Lair (0/6) D:11
    Orc (0/2) D:11        Ossuary (visited)          Bailey (1/1)

Altars:
Ashenzari
Cheibriados
Dithmenos
Elyvilon
Gozag
Kikubaaqudgha
Makhleb
Nemelex Xobeh
Okawaru
Qazlal
Ru
Trog
Vehumet
Xom
Zin
The Shining One

Annotations:
D:7 Ghost vault
D:12 Gastronok


Innate Abilities, Weirdness & Mutations

You cannot wear armour.
You are incapable of wielding weapons or throwing items.
Your paws allow you to move quietly. (Stealth)
You have sharp claws.
You have razor-sharp teeth.
You have supernaturally acute eyesight. (SInv)
You cover ground quickly.
Your thick and shaggy fur keeps you warm. (AC +3, rC+)
Your sharp claws are effective at attacking unaware monsters.


Message History

An orc comes into view. It is wielding a +0 trident.
The orc warrior shoots a bolt.
The bolt closely misses you.
The bolt hits the orc warrior!
The orc warrior shoots a bolt.
The bolt closely misses you.
The bolt hits the orc warrior!
An orc warrior comes into view. It is wielding a +0 halberd.
You closely miss the orc warrior.
The orc warrior is moderately wounded.
The orc warrior shoots a bolt.
The bolt misses you. The orc warrior misses you.
The orc warrior unwields a +0 arbalest.
The orc warrior hits you!
Casting: Yara's Violent Unravelling (potentially lethal; 67% risk of failure)
Confirm with . or Enter, or press ? or * to list all spells.
Your paws begin to glow red.
The orc knight roars a battlecry!
The orcs go into a battle-frenzy!
The orc warrior hits you from afar with a +0 halberd!!
Ouch! That really hurt!
* * * LOW HITPOINT WARNING * * *
You emit a cloud of dark smoke.
You feel better.
The orc warrior shoots a bolt.
The bolt hits you!!
You die...

### ###### ##∩##
######
##...o§##.∩.##§.o..##
#..≈≈§§§#§§.#@o§≈≈..#
#.≈≈o§§§§(o.§§§§o≈≈.#
o.≈.oo≈§..o..o≈oo.≈.'
#.≈≈o§§.......≈≈o≈≈.#
#..≈≈≈..#...#..≈≈≈..#
##.....##...##.o...##
###### ##∩## ######
###


You could see an orc knight (strong), 5 orc warriors and 3 orcs.

Vanquished Creatures
  Josephine (D:10)
  The ghost of Dustman the Fighter, a novice OgMo of Makhleb (D:11)
  Harold (D:10)
  2 two-headed ogres (D:10)
  A queen ant (D:10)
  Urug (D:11)
  An unseen horror (D:11)
  The ghost of manyhoops the Wallflower, a novice PaTm of Uskayaw (D:7)
  An ugly thing (D:11)
  A cyclops (D:11)
  A moth of wrath (D:7)
  Maurice (D:8)
  A gargoyle (D:10)
  A kobold demonologist (D:11)
  A komodo dragon (D:11)
  2 trolls
  A vampire (D:11)
  3 yaks (D:12)
  6 wraiths
  6 soldier ants
  A water moccasin (D:8)
  Duvessa (D:6)
  6 orc warriors
  3 sky beasts
  4 phantoms
  2 black bears
  2 eyes of draining
  3 necrophages
  8 ogres
  An ice beast (D:8)
  6 centaurs
  8 howler monkeys
  4 big kobolds
  12 bullfrogs
  A gnoll sergeant (D:7)
  A wyvern skeleton (D:10)
  9 scorpions
  5 wights (D:10)
  A bullfrog zombie (D:11)
  A human zombie (Ossuary)
  3 centaur skeletons
  A bullfrog skeleton (D:5)
  4 jellies
  5 centaur zombies
  9 orc priests
  12 orc wizards
  4 hounds
  Natasha (thrice) (D:2)
  6 iguanas
  20 worker ants
  A big kobold zombie (Ossuary)
  A hound zombie (D:6)
  A hound skeleton (D:9)
  3 mummies (Ossuary)
  A worker ant zombie (D:10)
  Robin (D:2)
  A howler monkey zombie (D:8)
  13 adders
  9 gnolls
  4 scorpion zombies (Ossuary)
  3 shadow imps
  3 white imps
  2 oozes
  2 adder skeletons
  An adder zombie (D:6)
  3 worms (D:3)
  2 dart slugs
  3 leopard geckos
  49 orcs
  2 ball pythons
  4 giant cockroaches
  2 gnoll zombies (Ossuary)
  17 goblins
  12 hobgoblins
  8 jackals
  3 quokkas
  8 bats
  5 frilled lizards
  A goblin zombie (Ossuary)
  A hobgoblin zombie (Ossuary)
  17 kobolds
  2 kobold zombies (Ossuary)
  A leopard gecko zombie (D:8)
  6 orc zombies (Ossuary)
  2 quokka skeletons (D:8)
  9 rats
383 creatures vanquished.

Vanquished Creatures (collateral kills)
  An ogre (D:4)
  A scorpion (D:6)
2 creatures vanquished.

Vanquished Creatures (others)
  Dowan (D:6)
  A scorpion (Ossuary)
2 creatures vanquished.

Grand Total: 387 creatures vanquished

Notes
Turn   | Place    | Note
-------+----------+-------------------------------------------
     0 | D:5      | Juanitou the Felid Delver began the quest for the Orb.
     0 | D:5      | Reached XP level 1. HP: 10/10 MP: 2/2
   150 | D:5      | Noticed a worker ant
   195 | D:5      | Found a radiant altar of Vehumet.
   200 | D:5      | Noticed a hound
   205 | D:5      | Noticed an orc wizard
   207 | D:5      | Noticed an ogre
   257 | D:4      | Noticed an orc wizard
   259 | D:4      | Found a sacrificial altar of Ru.
   427 | D:4      | Noticed an orc wizard
   560 | D:4      | Noticed a bullfrog
   566 | D:3      | Reached skill level 7 in Stealth
   676 | D:3      | Noticed an orc wizard
   688 | D:3      | Noticed an orc wizard
   717 | D:2      | Reached XP level 2. HP: 12/14 MP: 3/3
  1181 | D:1      | Reached XP level 3. HP: 17/17 MP: 4/4
  2105 | D:2      | Noticed Natasha
  2147 | D:2      | Killed Natasha
  2148 | D:2      | Reached skill level 8 in Stealth
  2148 | D:2      | Reached XP level 4. HP: 21/21 MP: 5/5
  2454 | D:2      | Noticed Natasha
  2461 | D:2      | Killed Natasha
  2495 | D:2      | Noticed Natasha
  2518 | D:2      | Killed Natasha
  2519 | D:2      | Reached XP level 5. HP: 20/24 MP: 6/6
  2888 | D:3      | Found a shadowy altar of Dithmenos.
  3030 | D:3      | Noticed Robin
  3031 | D:3      | Became a worshipper of Dithmenos the Shadowed
  3319 | D:3      | Killed from afar by an orc priest
  3320 | D:3      | Reached XP level 4. HP: -1/31 MP: 5/5
  3334 | D:3      | Reached skill level 9 in Stealth
  3887 | D:3      | Reached XP level 5. HP: 14/24 MP: 6/6
  4123 | D:2      | Killed Robin
  4414 | D:3      | Reached * piety under Dithmenos
  4877 | D:4      | Gained mutation: You are covered in thick fur. (AC +2)
                  | [Felid growth]
  4877 | D:4      | Reached XP level 6. HP: 20/28 MP: 7/7
  5396 | D:4      | Found a staircase to the Ecumenical Temple.
  5407 | Temple   | Entered the Ecumenical Temple
  5412 | Temple   | Learned a level 3 spell: Confusing Touch
  5650 | D:4      | Reached skill level 5 in Unarmed Combat
  5667 | D:4      | Found a sparkling altar of Nemelex Xobeh.
  5798 | D:4      | Reached XP level 7. HP: 31/31 MP: 8/8
  5909 | D:4      | Found a broken altar of Ashenzari.
  6166 | D:4      | Found a burning altar of Makhleb.
  6273 | D:5      | Reached skill level 10 in Stealth
  7333 | D:5      | Reached skill level 5 in Dodging
  7333 | D:5      | Reached XP level 8. HP: 36/36 MP: 9/9
  7698 | D:5      | Reached ** piety under Dithmenos
  7699 | D:5      | Reached skill level 1 in Evocations
  8181 | D:6      | Noticed Duvessa
  8187 | D:6      | Noticed Dowan
  8188 | D:6      | Killed Duvessa
  8236 | D:6      | Your ally died
  8437 | D:6      | Reached skill level 11 in Stealth
  9573 | D:7      | Found an iron altar of Okawaru.
  9595 | D:7      | Reached skill level 1 in Hexes
 10044 | D:7      | Reached XP level 9. HP: 36/39 MP: 10/10
 10184 | D:7      | Found an opulent altar of Gozag.
 10466 | D:7      | Noticed manyhoops's ghost (novice PaTm)
 10466 | D:7      | Noticed a moth of wrath
 10471 | D:7      | Found a bloodstained altar of Trog.
 10490 | D:7      | Found a transporter.
 10493 | D:7      | Found a transporter.
 10570 | D:7      | Found a glowing silver altar of Zin.
 10995 | D:7      | Slain by a moth of wrath
 10996 | D:7      | Reached XP level 8. HP: -4/36 MP: 7/9
 11069 | D:7      | Killed a moth of wrath
 11070 | D:7      | Reached skill level 1 in Spellcasting
 11123 | D:7      | Learned a level 3 spell: Gell's Gravitas
 11440 | D:8      | Found a sand-covered staircase.
 11445 | Ossuary  | Entered an ossuary
 11691 | Ossuary  | Reached skill level 12 in Stealth
 11787 | Ossuary  | Reached *** piety under Dithmenos
 11840 | Ossuary  | Reached XP level 9. HP: 39/39 MP: 11/11
 12193 | D:8      | Noticed Maurice
 12345 | D:8      | Reached skill level 5 in Hexes
 13045 | D:8      | Killed Maurice
 13046 | D:8      | Reached skill level 1 in Translocations
 13337 | D:8      | Reached skill level 10 in Unarmed Combat
 13640 | D:9      | Reached skill level 13 in Stealth
 13793 | D:9      | Reached XP level 10. HP: 43/43 MP: 14/14
 13932 | D:9      | HP: 2/43 [centaur/arrow (9)]
 14745 | D:10     | Entered Level 10 of the Dungeon
 14745 | D:10     | Noticed Josephine
 14746 | D:10     | Killed Josephine
 14748 | D:10     | Reached **** piety under Dithmenos
 14749 | D:10     | Reached skill level 5 in Translocations
 15437 | D:10     | Noticed Harold
 15475 | D:10     | Killed Harold
 15563 | D:10     | Noticed a two-headed ogre
 15670 | D:10     | Noticed a queen ant
 15673 | D:10     | Reached XP level 11. HP: 46/46 MP: 16/16
 16006 | D:10     | Found a white marble altar of Elyvilon.
 16135 | D:10     | Killed a two-headed ogre
 16965 | D:10     | Killed a queen ant
 16966 | D:10     | Reached skill level 14 in Stealth
 16993 | D:10     | Reached ***** piety under Dithmenos
 17390 | D:7      | Killed manyhoops's ghost
 17532 | D:11     | Noticed a two-headed ogre
 17560 | D:10     | Killed a two-headed ogre
 18017 | D:11     | Learned a level 5 spell: Yara's Violent Unravelling
 18112 | D:11     | Reached skill level 1 in Invocations
 18121 | D:11     | Found a staircase to the Lair.
 18138 | D:11     | Noticed an unseen horror
 18151 | D:11     | Found a staircase to the Orcish Mines.
 18204 | D:11     | Killed an unseen horror
 19167 | D:11     | Noticed a brown ugly thing
 19181 | D:11     | Killed a brown ugly thing
 19438 | D:11     | Noticed Urug
 19560 | D:11     | Found a runed translucent door.
 19561 | D:11     | Noticed Dustman's ghost (novice OgMo)
 19566 | D:11     | Killed Dustman's ghost
 19567 | D:11     | Gained mutation: Your thick and shaggy fur keeps you warm.
                  | (AC +3, rC+) [Felid growth]
 19567 | D:11     | Reached XP level 12. HP: 46/50 MP: 14/19
 19861 | D:11     | Killed Urug
 20096 | D:12     | Noticed a two-headed ogre
 20255 | D:12     | Reached skill level 5 in Fighting
 20262 | D:12     | Noticed Gastronok
 20270 | D:12     | Noticed a six-headed hydra
 20273 | D:12     | Found a flagged portal.
 20285 | Bailey   | Entered a bailey
 20323 | Bailey   | HP: 2/51 [orc knight/+0 glaive (11)]
 20323 | Bailey   | Demolished by an orc
 20324 | Bailey   | Reached XP level 11. HP: -15/47 MP: 13/19
 20338 | Bailey   | Shot with a bolt by an orc warrior

Illustrated notes

Levels and vault maps discovered:
D:1:      minmay_arrival_split_and_join, layout_basic, minmay_tetromino_s2
D:2:      layout_rooms, uniq_natasha
D:3:      layout_loops_cross, nicolae_dithmenos_shadow_blocks, minmay_distorted,
          uniq_robin
D:4:      minmay_inner_zag, layout_loops_ring,
          chequers_temple_overflow_statue_of_worship,
          makhleb_blood_cavern_becter, nicolae_ru_sacrificial_ziggurat,
          minmay_temple_entry_offerings, minmay_misc_feat_five,
          kennysheep_generic_room_14
D:5:      layout_rooms, general_overflow_altar
D:6:      layout_loops_ring, minmay_misc_feat_plants, hangedman_decor_opposing,
          uniq_duvessa
D:7:      layout_basic, pdpol_temple_overflow_zin_treasury_gozag_greed,
          okawaru_trees_2, gammafunk_ghost_wrathful_warriors
D:8:      layout_basic, enter_ossuary_5, uniq_maurice
D:9:      layout_big_octagon
D:10:     layout_loops_ring, basic_altar, columned_hall_lemuel,
          minmay_another_anthill, uniq_josephine, uniq_harold
D:11:     layout_small_grid, lair_entry_dummy, orc_0_dummy,
          ebering_ghost_inner_flame, hangedman_decor_slide_cut, uniq_urug
D:12:     layout_basic, enter_bailey_5, drop_trap, kb_rosetta, uniq_kirke,
          uniq_gastronok
Temple:   cyrus_circular_temple
Bailey:   bailey_polearm_4, bailey

Skill      XL: |  1  2  3  4  5  6  7  8  9 10 11 12 |
---------------+-------------------------------------+-----
Stealth        | 7 8 9 10 12 13 14 | 14.0
Dodging        | 3 4 5 6 8 9 |  9.7
Unarmed Combat | 3 4 5 6 9 10 11 12 13 | 13.0
Evocations     | 1 2 |  2.6
Fighting       | 4 5 |  5.0
Hexes          | 4 6 7 8 |  8.0
Spellcasting   | 1 2 3 4 |  4.9
Translocations | 3 5 6 |  6.5
Invocations    | 1 |  1.4

Action                   |  1- 3 |  4- 6 |  7- 9 | 10-12 || total
-------------------------+-------+-------+-------+-------++-------
Melee: Unarmed           |    87 |   246 |   445 |   580 ||  1358
       Bite              |     6 |    24 |    42 |    67 ||   139
       Punch             |     1 |     1 |    11 |    30 ||    43
 Cast: Confusing Touch   |       |       |    14 |    28 ||    42
       Gell's Gravitas   |       |       |       |     9 ||     9
       Yara's Violent Un |       |       |       |     1 ||     1
Invok: Shadow Step       |       |       |     5 |    11 ||    16
 Abil: Evoke Flight      |       |       |     6 |       ||     6
Evoke: Wand              |     3 |     6 |     5 |     8 ||    22
  Use: Scroll            |     2 |     6 |    12 |     6 ||    26
       Potion            |     1 |     4 |       |     8 ||    13
 Stab: Paralysed         |     1 |     2 |     2 |       ||     5
       Sleeping          |    12 |    14 |    39 |    27 ||    92
       Distracted        |     4 |       |     4 |     6 ||    14
       Confused          |       |       |     5 |    19 ||    24
Armor: Skin              |     2 |     5 |    24 |    28 ||    59
Dodge: Dodged            |    66 |   146 |   304 |   480 ||   996
